 Seeded DCSS version 0.27.1-2-g3b301248ec (webtiles) character file.

Game seed: 14551798346683263451 (custom seed)

19 babuloseo the Covered (level 2, 15/24 HPs)
             Began as a Human Fighter on Oct 3, 2021.
             Quit the game on level 2 of the Dungeon.
             The game lasted 00:00:58 (251 turns).

babuloseo the Covered (Human Fighter)                Turns: 251, Time: 00:00:59

Health: 15/24      AC:  6    Str: 16    XL:     2   Next: 95%
Magic:  2/2        EV:  7    Int:  8    God:
Gold:   11         SH:  8    Dex: 12    Spells: 1/1 levels left

rFire    . . .     SeeInvis .   a - +0 trident
rCold    . . .     Faith    .   c - +0 kite shield
rNeg     . . .     Spirit   .   b - +0 scale mail
rPois    .         Reflect  .   (no helmet)
rElec    .         Harm     .   (no cloak)
rCorr    .         Rampage  .   (no gloves)
Will     .....                  (no boots)
Stlth    ..........             (no amulet)
HPRegen  0.08/turn              (no ring)
MPRegen  0.08/turn              (no ring)

@: no status effects
A: no striking features
a: no special abilities


You were on level 2 of the Dungeon.
You visited 1 branch of the dungeon, and saw 2 of its levels.

You collected 11 gold pieces.

Inventory:

Hand Weapons
 a - a +0 trident (weapon)
Armour
 b - a +0 scale mail (worn)
 c - a +0 kite shield (worn)
Scrolls
 e - a scroll of torment {unknown}
 f - a scroll of enchant armour {unknown}
 g - a scroll of identify {unknown}
 h - a scroll of acquirement
Potions
 d - a potion of might


   Skills:
 + Level 3.1 Fighting
 * Level 2.4 Polearms
 + Level 3.1 Armour
 * Level 1.1 Dodging
 + Level 3.1 Shields


You had one spell level left.
You didn't know any spells.
Your spell library was empty.

Dungeon Overview and Level Annotations

Branches:
Dungeon (2/15)

Altars:
Qazlal

Annotations:
D:2 1 runed translucent door, Crazy Yiuf


Message History

The hobgoblin barely misses you.
You hit the hobgoblin.
You kill the hobgoblin!
You block the hobgoblin's attack.
Your Dodging skill increases to level 1!
You hit the hobgoblin.
The hobgoblin is moderately wounded.
The hobgoblin barely misses you.
You puncture the hobgoblin!
You kill the hobgoblin!
Your shield prevents you from hitting the hobgoblin.
You block the hobgoblin's attack.
The hobgoblin hits you but does no damage.
You barely miss the hobgoblin. You block the hobgoblin's attack.
You hit the hobgoblin.
The hobgoblin is almost dead.
The hobgoblin hits you.
You hit the hobgoblin.
You kill the hobgoblin!
You block the hobgoblin's attack.
You closely miss the hobgoblin. You block the hobgoblin's attack.
You barely miss the hobgoblin. You block the hobgoblin's attack. x2
You hit the hobgoblin.
The hobgoblin is moderately wounded.
The hobgoblin hits you but does no damage.
You closely miss the hobgoblin.
The hobgoblin is moderately wounded.
You block the hobgoblin's attack. The hobgoblin completely misses you.
You hit the hobgoblin.
The hobgoblin is moderately wounded.
You block the hobgoblin's attack.
You hit the hobgoblin.
You kill the hobgoblin!
No target in view!
You see here a hobgoblin corpse.
There is an open door here.
There is an open door here.
h - a scroll labelled LONUMM XATILEEJ This is a scroll of acquirement!
Are you sure you want to abandon this character and quit the game? (Confirm with "yes".)

###### #.. .....#
#.#
####.#####.####
............†.# #
##.....###.##.#)#
##.#..##
#.....#####
...#..#
#....##...##
......#
#.####.....#
......#
#†#..#.@...#
#######
#.'..'.....#
#.#..#..(..#
...####..:.!#
.)...# ##...##
.....$.# #####
.#...$.# #.....#
...####


There were no monsters in sight!

Vanquished Creatures
  An adder (D:2)
  5 hobgoblins (D:2)
  A quokka (D:2)
  A ball python (D:2)
  A bat (D:2)
  A rat (D:2)
10 creatures vanquished.

Notes
Turn   | Place    | Note
-------+----------+-------------------------------------------
     0 | D:1      | babuloseo the Human Fighter began the quest for the Orb.
     0 | D:1      | Reached XP level 1. HP: 18/18 MP: 1/1
     9 | D:2      | Found a stormy altar of Qazlal.
    17 | D:2      | Reached XP level 2. HP: 18/24 MP: 2/2
   165 | D:2      | Found a runed translucent door.
   166 | D:2      | Noticed Crazy Yiuf
   229 | D:2      | Reached skill level 1 in Dodging
   251 | D:2      | Identified a scroll of acquirement
   251 | D:2      | Quit the game

Illustrated notes

Levels and vault maps discovered:
D:1:      lemuel_arrival_river_bridge, layout_rooms
D:2:      layout_loops_cross, basic_altar, serial_shops, shop,
          minmay_goblin_kobold_house, uniq_crazy_yiuf_cottage, uniq_robin

Skill      XL: |  1  2 |
---------------+-------+-----
Dodging        | 1 |  1.1
Fighting       | |  3.1
Polearms       | |  2.4
Armour         | |  3.1
Shields        | |  3.1

Action                   || total
-------------------------++-------
Melee: Trident           ||    42
Armor: Scale mail        ||    13
Dodge: Dodged            ||    12
Block: Kite shield       ||    28
